 Dungeon Crawl Stone Soup version 0.21.1-1-g345015fe64 (webtiles) character file.

246 GrandHerb the Chiller (level 5, 0/38 HPs)
             Began as a Demonspawn Ice Elementalist on July 7, 2018.
             Slain by a hound (2 damage)
             ... on level 4 of the Dungeon.
             The game lasted 00:26:44 (4251 turns).

GrandHerb the Chiller (Demonspawn Ice Elementalist) Turns: 4251, Time: 00:26:45

Health: 0/38       AC:  4    Str:  9    XL:     5   Next: 84%
Magic:  3/9        EV: 12    Int: 16    God:
Gold:   111        SH:  0    Dex: 14    Spells: 6/9 levels left

rFire    . . .     SeeInvis .   q - -3 dagger (curse)
rCold    . . .     Gourm    .   (no shield)
rNeg     . . .     Faith    .   d - +0 leather armour
rPois    .         Spirit   .   (no helmet)
rElec    .         Reflect  .   (no cloak)
rCorr    .         Harm     .   (no gloves)
MR       .....                  h - +0 pair of boots
Stlth    ++++......             (no amulet)
HPRegen  0.12/turn              (no ring)
MPRegen  0.11/turn              (no ring)

@: very slightly contaminated
A: nightstalker 2
a: no special abilities


You were on level 4 of the Dungeon.
You were not hungry.

You visited 1 branch of the dungeon, and saw 4 of its levels.

You collected 111 gold pieces.

Inventory:

Hand Weapons
 j - a +0 dagger
 l - a +0 short sword of venom
 q - a cursed -3 dagger (weapon)
 u - a +2 rapier of draining
Armour
 a - a +0 robe
 d - a +0 leather armour (worn)
 h - a +0 pair of boots (worn)
Scrolls
 e - 4 scrolls of teleportation
 f - a scroll of random uselessness
 i - 3 scrolls of identify
 o - 2 scrolls of immolation
 t - a scroll of blinking {unknown}
Potions
 g - a potion of flight {unknown}
 k - a potion of agility {unknown}
 m - a potion of might {unknown}
 p - 2 potions of magic {unknown}
Books
 b - a book of Frost

   Spells                             Type                      Level
   a - Freeze                         Ice                          1
   b - Throw Frost                    Conjuration/Ice              2
   c - Ozocubu's Armour               Charms/Ice                   3
   d - Throw Icicle                   Conjuration/Ice              4
   e - Summon Ice Beast               Ice/Summoning                4
 n - a book of Misfortune

   Spells                             Type                      Level
   a - Confusing Touch                Hexes                        1
   b - Confuse                        Hexes                        3
   c - Gell's Gravitas                Translocation                3
   d - Petrify                        Transmutation/Earth          4
   e - Metabolic Englaciation         Hexes/Ice                    5
   f - Yara's Violent Unravelling     Hexes/Transmutation          5
 r - a book of Misfortune

   Spells                             Type                      Level
   a - Confusing Touch                Hexes                        1
   b - Confuse                        Hexes                        3
   c - Gell's Gravitas                Translocation                3
   d - Petrify                        Transmutation/Earth          4
   e - Metabolic Englaciation         Hexes/Ice                    5
   f - Yara's Violent Unravelling     Hexes/Transmutation          5
Comestibles
 c - a ration
 s - 2 chunks of flesh


   Skills:
 + Level 1.7 Fighting
 + Level 1.2 Short Blades
 + Level 1.4 Armour
 + Level 2.6 Dodging
 + Level 2.7 Stealth
 + Level 2.6 Spellcasting
 + Level 2.1 Conjurations
 + Level 3.3 Ice Magic


You had 6 spell levels left.
You knew the following spells:

 Your Spells              Type           Power        Failure   Level  Hunger
a - Freeze                Ice            ##..         7%          1    #......
b - Throw Frost           Conj/Ice       ##....       13%         2    ##.....


Dungeon Overview and Level Annotations

Branches:
Dungeon (4/15)
 Temple: D:4-7

Altars:
Okawaru

Annotations:
D:3 AAA992's ghost, amateur HOFi
D:4 Menkaure


Innate Abilities, Weirdness & Mutations

You are significantly more attuned to the shadows.


Message History

Confirm with . or Enter, or press ? or * to list all spells.
Aiming: Freeze
Press: ? - help, Shift-Dir - straight line, f - gnoll
Aim: a gnoll, wielding a spear You freeze the gnoll.
The gnoll is moderately wounded.
The hound bites you.
* * * LOW HITPOINT WARNING * * *
The gnoll barely misses you. The hound bites you.
* * * LOW HITPOINT WARNING * * *
The gnoll misses you. The hound misses you. The hound bites you.
* * * LOW HITPOINT WARNING * * *
The hound bites you but does no damage.
There is an open door, spattered with blood here.
The gnoll hits you from afar with a spear.
* * * LOW HITPOINT WARNING * * *
The hound bites you but does no damage. The hound bites you.
You die...

#### #..# #..#
#+#+#P.##
###.†.'...#
#.#...#Pg.#
##.#...#...#
###..#####..h#
#####...## ###@#
...>..### #..#
........# #.##
#######.# ##.#
######..# #..#
<......#######.##
######.........##
#..######...#####
#.## ###.....#


You could see a hound and a gnoll.

Vanquished Creatures
  A hound (D:4)
  2 orc wizards (D:4)
  Jessica (D:2)
  2 gnolls (D:3)
  An adder (D:2)
  3 worms
  4 dart slugs
  2 leopard geckos (D:3)
  7 orcs
  4 giant cockroaches
  6 goblins
  11 hobgoblins
  2 jackals (D:1)
  8 kobolds
  3 ball pythons
  12 bats
  8 frilled lizards
  A quokka zombie (D:3)
  9 rats
87 creatures vanquished.

Notes
Turn   | Place    | Note
-------+----------+-------------------------------------------
     0 | D:1      | GrandHerb the Demonspawn Ice Elementalist began the quest for the Orb.
     0 | D:1      | Reached XP level 1. HP: 13/13 MP: 3/3
   351 | D:1      | Gained mutation: You are slightly more attuned to the shadows. [demonic ancestry]
   351 | D:1      | Reached XP level 2. HP: 20/20 MP: 1/5
   651 | D:1      | Learned a level 2 spell: Throw Frost
  1111 | D:1      | Gained mutation: You are significantly more attuned to the shadows. [demonic ancestry]
  1111 | D:1      | Reached XP level 3. HP: 25/25 MP: 6/6
  1473 | D:2      | Reached skill level 3 in Ice Magic
  1574 | D:2      | Reached skill level 1 in Fighting
  1719 | D:2      | Noticed Jessica
  1727 | D:2      | Killed Jessica
  1727 | D:2      | Reached skill level 1 in Armour
  1727 | D:2      | Reached XP level 4. HP: 30/32 MP: 5/7
  1964 | D:3      | Noticed AAA992's ghost (amateur HOFi)
  3213 | D:3      | Reached XP level 5. HP: 21/37 MP: 1/8
  3267 | D:3      | Reached skill level 1 in Short Blades
  3367 | D:3      | Found an iron altar of Okawaru.
  4097 | D:4      | Noticed Menkaure
  4251 | D:4      | Slain by a hound

Skill      XL: |  1  2  3  4  5 |
---------------+----------------+-----
Dodging        | 2 |  2.6
Stealth        | 2 |  2.7
Ice Magic      | 3 |  3.3
Fighting       | 1 |  1.7
Armour         | 1 |  1.4
Short Blades   | 1 |  1.2
Conjurations   | 2 |  2.1
Spellcasting   | |  2.6

Action                   |  1- 3 |  4- 6 || total
-------------------------+-------+-------++-------
Melee: Unarmed           |    28 |       ||    28
       Dagger            |    18 |   151 ||   169
       Short sword       |    60 |     4 ||    64
 Cast: Freeze            |    29 |    55 ||    84
       Throw Frost       |     1 |    13 ||    14
  Use: Scroll            |       |     3 ||     3
 Stab: Sleeping          |    17 |     8 ||    25
  Eat: Chunk             |     3 |     4 ||     7
       Ration            |       |     2 ||     2
Armor: Leather armour    |    23 |    53 ||    76
       Robe              |     1 |       ||     1
Dodge: Dodged            |    65 |   120 ||   185
